Map: Wolfe Industries Compound

Players

JohnMcClane - Winner!

  • Race: Zerg Zerg
  • Spawn Location: 12:00

Hindulaatti - Winner!

  • Race: Protoss Protoss
  • Spawn Location: 3:00

WordWise

  • Race: Terran Terran
  • Spawn Location: 7:00

mIg

  • Race: Zerg Zerg
  • League: Platinum
  • Spawn Location: 7:00

VOD

Have the link to the VOD?

Description

Time

  • Played on: Jan. 31, 2016, 11:32 a.m.
  • Length: 11:47
Show
View Real Time Build Order
Export as new Build Order

JohnMcClane Zerg - Winner!

Build Orders: Hatch First, Zergling Baneling 

Get SALT Encoding   

  12  0:01  Drone  
  13  0:10  Drone  
  14  0:26  Overlord  
  14  0:40  Extractor  
  14  0:41  Drone  
  14  0:45  Drone  
  15  0:54  Drone  
  16  1:00  Hatchery  
  15  1:15  Spawning Pool  
  14  1:23  Drone  
  14  1:24  Drone  
  16  1:37  Drone  
  17  1:43  Drone  
  18  1:58  Overlord  
  18  2:01  Metabolic Boost  
  18  2:05  Zergling x2, Baneling Nest  
  18  2:08  Zergling x2  
  19  2:16  Queen  
  21  2:31  Zergling x4  
  21  2:32  Zergling x2  
  21  2:33  Zergling x2  
  25  2:43  Queen  
  27  2:49  Zergling x2  
  28  2:57  Baneling x4  
  28  3:02  Zergling x4  
  28  3:18  Zergling x4  
  25  3:33  Drone x3  
  22  3:45  Zergling x4  
  22  4:10  Baneling x2  
  22  4:21  Spine Crawler  
  22  4:22  Spine Crawler  
  20  4:24  Baneling  
  20  4:25  Baneling  
  20  4:42  Zergling x16  
  28  4:50  Queen  
  30  5:10  Zergling x8  
  34  5:17  Drone x2  
  29  5:40  Zergling x2  
  29  5:41  Zergling x10  
  27  5:51  Spine Crawler  
  26  6:03  Baneling x2  
  26  6:04  Baneling  
  24  6:05  Zergling x2  
  24  6:06  Zergling x4  
  27  6:15  Drone x2  
  28  6:37  Baneling x4  
  28  6:44  Queen  
  19  7:21  Zergling x20  
  29  7:33  Spine Crawler x2  
  28  7:39  Spine Crawler  
  28  7:41  Spine Crawler  
  27  7:45  Baneling  
  27  7:48  Zergling x8  
  30  7:58  Drone  
  30  8:03  Baneling x2  
  31  8:08  Baneling  
  31  8:19  Overlord x2  
  31  8:27  Spore Crawler  
  31  8:31  Drone  
  31  8:32  Drone  
  24  9:30  Drone x10  
  29  9:47  Zergling x8  
  29  9:51  Spine Crawler  
  29  10:10  Baneling x4  
  29  10:11  Spine Crawler  
  29  10:12  Spine Crawler  
  29  10:13  Spine Crawler  
  26  10:15  Overlord  
  26  10:22  Baneling Nest  
  25  10:41  Lair  
  25  10:44  Extractor  
  24  10:50  Zergling x2  
  24  10:51  Zergling x4  
  24  10:54  Zergling x2  
  28  11:10  Baneling x5  
  28  11:18  Zergling x2  
  28  11:19  Zergling x4  
Show
View Real Time Build Order
Export as new Build Order

Hindulaatti Protoss - Winner!

Build Orders:  

Get SALT Encoding   

  12  0:02  Probe (Chrono Boost)  
  14  0:14  Probe (Chrono Boost)  
  14  0:24  Pylon  
  14  0:25  Probe (Chrono Boost)  
  16  0:42  Probe (Chrono Boost), Gateway  
  16  0:52  Assimilator  
  16  0:53  Probe (Chrono Boost)  
  17  1:03  Probe (Chrono Boost)  
  18  1:10  Pylon  
  18  1:12  Pylon  
  18  1:14  Probe (Chrono Boost)  
  19  1:28  Probe (Chrono Boost)  
  19  1:31  Cybernetics Core  
  20  1:36  Gateway  
  20  1:43  Probe (Chrono Boost)  
  21  2:05  Probe (Chrono Boost)  
  21  2:07  Warp Gate  
  24  2:08  Adept  
  24  2:19  Gateway  
  24  2:21  Mothership Core (Chrono Boost)  
  26  2:28  Assimilator  
  26  2:31  Adept  
  28  2:48  Adept, Probe (Chrono Boost)  
  31  2:59  Probe (Chrono Boost)  
  32  3:06  Adept x2  
  32  3:10  Probe (Chrono Boost)  
  37  3:30  Adept  
  39  3:44  Probe (Chrono Boost)  
  38  3:54  Probe (Chrono Boost)  
  39  4:23  Nexus  
  39  4:48  Pylon  
  39  4:55  Pylon  
  39  5:06  Adept x3  
  46  5:07  Probe (Chrono Boost)  
  46  5:08  Robotics Facility  
  46  5:09  Pylon  
  46  5:17  Probe (Chrono Boost)  
  47  5:28  Probe (Chrono Boost)  
  48  5:34  Adept x3  
  46  5:56  Probe x2 (Chrono Boost)  
  48  6:00  Assimilator  
  48  6:01  Adept x3  
  54  6:04  Assimilator  
  54  6:12  Pylon  
  54  6:23  Warp Prism  
  54  6:24  Twilight Council  
  62  6:38  Probe (Chrono Boost)  
  62  6:39  Probe (Chrono Boost)  
  58  6:46  Pylon  
  58  6:51  Gateway  
  58  6:54  Adept x3  
  60  6:55  Gateway  
  60  6:59  Gateway  
  60  7:00  Pylon  
  56  7:31  Adept  
  56  7:36  Warp Prism  
  60  7:40  Adept x2  
  64  7:46  Resonating Glaives  
  64  7:54  Pylon  
  64  8:03  Adept x6  
  76  8:06  Probe x2 (Chrono Boost)  
  78  8:13  Dark Shrine  
  78  8:14  Stargate  
  78  8:16  Stargate  
  78  8:18  Pylon  
  78  8:23  Adept x6  
  78  8:25  Probe x2 (Chrono Boost)  
  92  8:36  Probe (Chrono Boost)  
  93  8:45  Adept x4  
  101  8:58  Nexus  
  95  9:09  Adept x2  
  89  9:10  Adept  
  73  9:18  Adept x3  
  79  9:31  Void Ray  
  79  9:32  Pylon  
  83  9:39  Probe (Chrono Boost)  
  83  9:40  Probe (Chrono Boost)  
  85  9:50  Probe (Chrono Boost)  
  86  9:57  Assimilator  
  74  10:07  Pylon  
  74  10:10  Pylon  
  62  10:18  Void Ray x2  
  62  10:20  Adept  
  62  10:21  Adept x2  
  72  10:41  Stalker x4  
  76  10:50  Gateway  
  76  10:52  Gateway  
  76  11:01  Oracle x2  
  82  11:07  Zealot x3  
  82  11:10  Sentry  
  79  11:32  Probe x3 (Chrono Boost)  
  80  11:38  Zealot x4  
Show
View Real Time Build Order
Export as new Build Order

WordWise Terran 

Build Orders:  

Get SALT Encoding   

  12  0:02  SCV  
  14  0:14  SCV  
  14  0:26  Supply Depot, SCV  
  15  0:34  Refinery  
  15  0:47  SCV  
  16  0:52  Barracks  
  16  1:01  SCV, Barracks  
  17  1:13  SCV  
  18  1:25  SCV  
  19  1:39  Orbital Command, Reaper  
  20  1:41  Supply Depot  
  20  1:48  Reaper  
  21  2:07  SCV  
  22  2:11  Reaper  
  23  2:20  Reaper  
  23  2:22  SCV  
  25  2:23  Command Center  
  25  2:34  SCV  
  26  2:46  SCV  
  26  2:49  Bunker  
  27  2:51  Barracks  
  27  2:57  Marine x2  
  26  3:29  Marine, Reaper  
  26  3:30  SCV  
  27  3:38  Bunker  
  26  3:42  SCV  
  26  3:44  Orbital Command  
  27  4:01  Marine  
  28  4:14  Marine x2  
  29  4:18  SCV  
  29  4:19  Marine  
  31  4:36  SCV  
  31  4:37  Supply Depot, SCV  
  31  4:38  Marine x3  
  33  4:43  Barracks  
  33  4:44  Barracks  
  36  4:49  SCV  
  38  5:13  Supply Depot  
  38  5:16  Supply Depot  
  38  5:18  Marine  
  38  5:20  Marine  
  39  5:33  Barracks Tech Lab, Barracks Reactor  
  39  5:34  Factory  
  39  5:36  Marine  
  39  5:38  Marine  
  41  5:54  Marine  
  41  5:56  Marine  
  43  6:00  Marine  
  44  6:05  SCV  
  44  6:09  Stimpack  
  45  6:12  Marine  
  45  6:14  Marine  
  45  6:17  Orbital Command  
  47  6:18  Marine  
  47  6:30  Marine  
  47  6:31  Marine  
  49  6:35  Marine x2  
  49  6:37  Marauder  
  53  6:40  Starport, Factory Reactor  
  53  6:41  SCV  
  53  6:44  Refinery  
  54  6:49  Marine  
  54  6:50  Barracks Tech Lab  
  55  6:55  Supply Depot  
  55  6:58  Marauder  
  54  7:18  Marauder, Marine x3  
  54  7:19  Marauder  
  45  7:33  SCV x2  
  45  7:35  Marine  
  45  7:36  Marine x2  
  50  7:39  Marauder  
  50  7:40  Marine  
  50  7:43  Engineering Bay  
  53  7:44  Medivac x2, Barracks  
  53  7:45  SCV x2  
  53  7:46  Barracks  
  58  7:53  Marine  
  58  7:57  SCV  
  58  7:58  SCV  
  61  7:59  Marauder  
  61  8:04  Marine  
  61  8:05  Marauder, Marine  
  67  8:11  Marine  
  68  8:13  SCV x2  
  70  8:29  Medivac, Marauder x2, Marine x2  
  70  8:30  Supply Depot x2  
  78  8:47  Marine  
  78  8:49  SCV  
  78  8:51  Marauder x2, Marine x2, SCV  
  83  9:01  Marine  
  83  9:02  Marine  
  85  9:03  SCV  
  85  9:05  Marine  
  85  9:09  Marine x2  
  83  9:13  Marauder x2  
  82  9:19  Marine x2  
  82  9:23  Marine  
  85  9:24  SCV x2  
  85  9:27  Marine  
  88  9:34  Marauder x2, Marine  
  88  9:36  SCV  
  94  9:56  SCV x2  
  94  9:59  Marauder  
  83  10:07  Marine  
  83  10:08  Marauder, SCV  
  82  10:20  Marauder  
  82  11:11  Medivac x2  
Show
View Real Time Build Order
Export as new Build Order

mIg Zerg 

Build Orders: Hatch First 

Get SALT Encoding   

  12  0:01  Drone  
  13  0:08  Drone  
  14  0:17  Overlord  
  14  0:27  Extractor  
  14  0:28  Drone  
  14  0:29  Drone, Extractor  
  14  0:35  Drone  
  17  0:46  Drone  
  18  0:59  Hatchery  
  17  1:05  Drone  
  18  1:15  Spawning Pool  
  18  1:18  Drone  
  18  1:21  Drone  
  19  1:27  Drone  
  20  1:47  Hatchery  
  20  1:51  Overlord  
  20  1:53  Drone  
  20  2:03  Queen  
  22  2:14  Drone  
  22  2:15  Drone x2  
  25  2:23  Queen  
  27  2:31  Zergling x2  
  27  2:32  Zergling x4  
  30  2:45  Spine Crawler  
  30  2:47  Spine Crawler  
  30  2:48  Extractor  
  30  2:50  Extractor  
  27  3:00  Zergling x2  
  27  3:01  Zergling x10  
  29  3:32  Zergling x2  
  29  3:33  Zergling x18  
  36  3:46  Metabolic Boost  
  34  3:49  Zergling x2  
  34  3:59  Zergling x4  
  34  4:00  Zergling x12  
  38  4:11  Zergling x2  
  38  4:12  Zergling x4  
  40  4:22  Zergling x2  
  40  4:23  Zergling x4  
  40  4:24  Zergling x4, Baneling Nest  
  41  4:44  Zergling x2  
  41  4:49  Overlord  
  41  4:50  Overlord x3  
  41  5:08  Baneling  
  41  5:09  Baneling x12  
  41  5:10  Zergling x2  
  41  5:20  Zergling x4  
  41  5:21  Zergling x2  
  34  5:49  Zergling x2  
  34  5:50  Zergling x16  
  37  6:08  Zergling x8  
  41  6:39  Baneling x5  
  40  6:40  Baneling x6  
  40  6:41  Baneling  
  40  6:42  Zergling x12  
  40  6:45  Baneling x2  
  28  7:10  Zergling x12  
  30  7:44  Zergling x14  
  33  7:58  Zergling x2  
  33  7:59  Zergling x12  
  33  8:04  Baneling x4  
  33  8:05  Baneling x5  
  40  8:06  Baneling x2  
  40  8:12  Extractor  
  39  8:22  Roach Warren  
  11  9:21  Zergling x2  
  11  9:22  Zergling x26  
  14  10:06  Zergling x2  
Tags
 
Add a new tag
Caveats
  • Supply blocks, unpowered buildings, or Contaminate may cause inaccurate times.
  • Supply counts are checked every 10 seconds.